AoeStats
← Woyschtel

MegaRandom

508954494Analyzed
4v4 RM · 9d ago on Sep 24, 2026· 48m 57s· 8 players
Game mode
Random Map
Map size
Large (8 player)
Population
200
Speed
Normal
Resources
Standard
Victory
Conquest
Starting age
Dark Age
Ending age
Imperial Age
RankedLock teamsTeams togetherTeam positionsShared explorationLock speedFull tech treeHidden civsTurbo modeCheats
Victory
Defeat
🇩🇪 Danes · Germany
1269
+8
🇩🇪 Saxons · Germany
1205
+10
🇩🇪 Teutons · Germany
996
+18
🇦🇹 Spanish · Austria
988
+18
🇺🇸 Slavs · United States
1085
-15
🇺🇸 Huns · United States
1052
-13
🇺🇸 Franks · United States
1051
-13
🇲🇽 Jurchens · Mexico
1037
-13
obi1nekinobi
0:38 Loom
9:04 Feudal Age
9:45 Double-Bit Axe
13:16 Forging
15:59 Scale Barding Armor
17:45 Wheelbarrow
18:55 Gold Mining
22:25 Castle Age
23:51 Gold Shaft Mining
23:27 Bow Saw
23:40 Hand Cart
26:15 Fletching
31:06 Chain Barding Armor
31:22 Iron Casting
30:51 Husbandry
40:00 Imperial Age
39:08 Bodkin Arrow
40:05 Town Watch
41:34 Plate Barding Armor
42:00 Blast Furnace
40:54 Cavalier
47:29 Elite Skirmisher
BIG T +963
0:28 Loom
11:53 Feudal Age
20:10 Gold Mining
26:33 Castle Age
25:25 Stone Mining
31:27 Fletching
31:43 Scale Barding Armor
34:07 Bodkin Arrow
39:11 Padded Archer Armor
39:20 Elite Skirmisher
47:24 Forging
mikeespin
4:40 Loom
9:23 Feudal Age
10:22 Double-Bit Axe
17:47 Castle Age
20:01 Fletching
24:55 Padded Archer Armor
25:01 Scale Barding Armor
24:48 Town Watch
27:50 Bodkin Arrow
30:45 Gold Mining
33:06 Leather Archer Armor
33:19 Elite Skirmisher
40:05 Imperial Age
39:23 Marauders
41:50 Conscription
45:12 Wheelbarrow
Aragorn55
0:51 Loom
12:30 Feudal Age
14:54 Horse Collar
20:25 Bloodlines
20:33 Scale Barding Armor
22:42 Castle Age
21:51 Double-Bit Axe
22:56 Elite Skirmisher
26:21 Wheelbarrow
25:33 Town Watch
27:33 Light Cavalry
28:47 Forging
30:15 Chain Barding Armor
32:45 Iron Casting
34:23 Bow Saw
34:49 Husbandry
36:40 Hand Cart
39:40 Imperial Age
48:37 Conscription
48:39 Elite Steppe Lancer
Dreyn
5:35 Loom
8:20 Feudal Age
8:29 Man-at-Arms
9:07 Double-Bit Axe
10:07 Arson
19:41 Castle Age
18:11 Scale Mail Armor
18:08 Gold Mining
18:09 Horse Collar
18:41 Stone Mining
20:22 Pikeman
22:01 Wheelbarrow
22:06 Bow Saw
22:04 Squires
24:33 Chain Mail Armor
24:33 Long Swordsman
24:59 Gambesons
26:10 Forging
26:22 Heavy Plow
28:31 Fletching
30:09 Iron Casting
30:57 Gold Shaft Mining
32:50 Hand Cart
35:56 Imperial Age
33:26 Town Watch
35:54 Bodkin Arrow
35:27 Hamask
37:06 Conscription
36:11 Halberdier
41:08 Plate Mail Armor
41:39 Blast Furnace
40:05 Two-Handed Swordsman
43:37 Chemistry
43:35 Champion
44:18 Bracer
43:56 Heavy Scorpion
46:20 Hoardings
48:21 Masonry
48:39 Padded Archer Armor
DreYn
11:13 Feudal Age
10:27 Loom
11:41 Double-Bit Axe
11:37 Horse Collar
22:56 Wheelbarrow
25:08 Castle Age
23:15 Gold Mining
23:41 Bloodlines
25:08 Scale Barding Armor
28:22 Stone Mining
29:51 Stone Shaft Mining
33:35 Heavy Plow
34:27 Chain Barding Armor
34:20 Forging
39:05 Iron Casting
43:49 Imperial Age
43:53 Cavalier
45:15 Paladin
47:33 Plate Barding Armor
48:02 Blast Furnace
Zutn
0:32 Loom
9:49 Feudal Age
10:40 Double-Bit Axe
13:05 Fletching
13:17 Padded Archer Armor
13:32 Town Watch
13:40 Gold Mining
13:33 Horse Collar
21:17 Castle Age
22:02 Bodkin Arrow
21:31 Crossbowman
22:33 Bow Saw
22:42 Leather Archer Armor
25:18 Wheelbarrow
26:55 Ballistics
32:17 Thumb Ring
34:52 Fortified Wall
39:57 Imperial Age
37:43 Stone Mining
38:22 Scale Mail Armor
38:32 Forging
39:48 Chain Mail Armor
39:53 Masonry
39:23 Treadmill Crane
42:25 Imperial Age
40:55 Gambesons
41:11 Squires
40:56 Arson
40:45 Man-at-Arms
40:48 Pikeman
41:51 Murder Holes
42:40 Gold Shaft Mining
43:11 Siege Engineers
43:37 Architecture
44:08 Chemistry
42:31 Arbalester
43:33 Conscription
44:08 Hand Cart
43:22 Elite Varangian Guard
44:30 Bracer
47:17 Plate Mail Armor
47:22 Iron Casting
47:18 Ring Archer Armor
Woyschtel
0:48 Loom
0:53 Loom
9:33 Feudal Age
11:49 Double-Bit Axe
14:38 Horse Collar
21:00 Gold Mining
24:02 Castle Age
24:00 Wheelbarrow
26:34 Wheelbarrow
26:52 Bow Saw
26:45 Heavy Plow
29:17 Bloodlines
29:07 Husbandry
31:37 Hand Cart
31:37 Padded Archer Armor
40:03 Imperial Age
41:26 Elite Conquistador
43:03 Leather Archer Armor
45:43 Ring Archer Armor
47:06 Hand Cart
Connection lost

Rejoining the realm…

Still unreachable

The connection could not be restored.

Session expired

The server has moved on; the page needs a fresh start.